Map: Terrasses de Prion

Players

Wizzle

  • Race: Zerg Zerg
  • League: Diamond

Worming - Winner!

  • Race: Zerg Zerg
  • League: Diamond

VOD

Have the link to the VOD?

Description

Time

  • Played on: Dec. 16, 2015, 11:08 a.m.
  • Length: 7:35
Show
View Real Time Build Order
Export as new Build Order

Wizzle Zerg 

Build Orders: Hatch First 

Get SALT Encoding   

  12  0:01  Drone  
  13  0:12  Overlord  
  13  0:19  Drone  
  14  0:31  Drone  
  14  0:32  Drone  
  14  0:35  Drone  
  17  0:52  Hatchery  
  17  0:54  Drone  
  17  1:09  Spawning Pool  
  16  1:12  Drone, Extractor  
  16  1:15  Drone  
  17  1:19  Drone  
  18  1:29  Drone  
  19  1:39  Overlord  
  19  1:51  Drone  
  20  1:58  Queen  
  20  2:00  Zergling x2  
  23  2:04  Queen  
  23  2:05  Zergling x2  
  26  2:12  Drone, Metabolic Boost  
  27  2:17  Drone  
  28  2:35  Queen, Drone x3  
  33  2:55  Baneling Nest, Overlord  
  33  2:56  Drone x3  
  34  3:13  Drone x3  
  37  3:24  Hatchery  
  36  3:30  Extractor  
  36  3:32  Roach Warren  
  34  3:35  Zergling x10  
  34  3:36  Zergling x2  
  34  3:38  Baneling x3  
  40  3:44  Overlord  
  40  3:45  Zergling x2  
  41  4:14  Baneling x3  
  41  4:17  Baneling  
  41  4:19  Roach x3  
  41  4:20  Roach  
  41  4:22  Overlord x2  
  41  4:23  Drone x3  
  46  4:39  Drone  
  46  4:44  Drone x6  
  53  4:54  Lair  
  53  4:58  Drone  
  53  4:59  Drone  
  55  5:00  Overlord  
  55  5:15  Overlord  
  55  5:16  Overlord  
  55  5:20  Roach x5  
  55  5:21  Roach  
  67  5:23  Zergling x2  
  67  5:24  Zergling x6  
  72  5:28  Zergling x4  
  72  5:29  Zergling x4  
  75  5:37  Overlord  
  75  5:38  Roach x2  
  75  5:42  Zergling x4  
  81  5:43  Zergling x4  
  78  5:52  Zergling x6  
  76  6:05  Glial Reconstitution  
  76  6:09  Extractor  
  75  6:12  Drone x3  
  75  6:13  Drone x3, Evolution Chamber  
  75  6:14  Evolution Chamber  
  75  6:16  Extractor  
  78  6:21  Baneling x2  
  78  6:31  Drone x3  
  85  6:32  Drone x4  
  85  6:33  Drone x2  
  56  7:15  Roach x12  
Show
View Real Time Build Order
Export as new Build Order

Worming Zerg - Winner!

Build Orders: Hatch First 

Get SALT Encoding   

  12  0:01  Drone  
  13  0:12  Overlord  
  13  0:17  Drone  
  14  0:31  Drone x2  
  16  0:40  Drone  
  17  0:53  Hatchery  
  17  0:56  Drone  
  17  1:03  Drone  
  18  1:09  Extractor  
  17  1:16  Drone, Spawning Pool  
  18  1:25  Drone  
  18  1:28  Drone  
  19  1:39  Drone  
  20  1:50  Drone  
  21  2:02  Overlord  
  21  2:04  Queen x2  
  21  2:05  Zergling x2  
  26  2:11  Drone  
  26  2:14  Metabolic Boost  
  27  2:18  Drone  
  28  2:25  Drone  
  29  2:37  Drone x3  
  32  2:48  Drone x2  
  34  2:53  Baneling Nest  
  33  3:10  Overlord x2  
  33  3:11  Zergling x4  
  34  3:15  Zergling x4  
  36  3:26  Overlord  
  36  3:29  Zergling x2  
  36  3:30  Zergling x8  
  41  3:36  Extractor  
  41  3:39  Evolution Chamber  
  39  3:52  Drone x3  
  39  3:54  Lair  
  42  3:59  Roach Warren  
  41  4:06  Baneling x3  
  39  4:16  Zerg Missile Weapons Level 1  
  39  4:19  Drone x12  
  44  4:41  Roach x4  
  52  4:47  Extractor  
  52  4:49  Overlord x2  
  52  4:50  Roach x3  
  52  4:51  Zergling x2  
  58  5:04  Glial Reconstitution  
  58  5:06  Zergling x4  
  60  5:11  Zergling x2, Roach  
  63  5:22  Zergling x6, Roach x2  
  63  5:23  Roach  
  63  5:27  Baneling x2  
  72  5:35  Roach x2  
  76  5:36  Overlord  
  76  5:43  Hatchery  
  62  6:05  Roach x9  
  80  6:11  Baneling x3  
  80  6:14  Zergling x2  
  80  6:17  Queen  
  80  6:48  Roach  
  80  6:49  Zergling x2  
  80  6:51  Overlord x3  
  75  7:14  Roach x2  
  75  7:15  Roach x11  
  100  7:22  Overseer  
Tags
 
Add a new tag
Caveats
  • Supply blocks, unpowered buildings, or Contaminate may cause inaccurate times.
  • Supply counts are checked every 10 seconds.